 Dungeon Crawl Stone Soup version 0.30-a0-737-gf23d94013f (webtiles) character file.

Game seed: 2348141740268281701

6893 kae the Transmogrifier (level 11, -9/100 HPs)
             Began as a Naga Transmuter on Feb 1, 2023.
             Was an Elder of Cheibriados.
             Mangled by an orc warlord
             ... wielding a +6 executioner's axe
              (15 damage)
             ... in a bailey.
             The game lasted 00:11:39 (10064 turns).

kae the Transmogrifier (Naga Transmuter)           Turns: 10064, Time: 00:11:40

Health: -9/100     AC: 15    Str: 22    XL:     11   Next: 6%
Magic:  20/20      EV: 15    Int: 26    God:    Cheibriados [****..]
Gold:   1214       SH:  0    Dex: 21    Spells: 13/23 levels left

rFire   x . .      SeeInvis +      - Unarmed
rCold   + + +      Faith    .    (shield currently unavailable)
rNeg    . . .      Spirit   .    (body armour currently unavailable)
rPois   +          Reflect  .    (helmet currently unavailable)
rElec   .          Harm     .    (cloak currently unavailable)
rCorr   .          Rampage  .    (gloves currently unavailable)
Will    +....                    (no barding)
Stlth   ++                       (no amulet)
HPRegen 0.36/turn                O - +4 ring of protection
MPRegen 0.17/turn                E - +5 ring of evasion

@: ice-form, wereblooded, very slow
A: freezing attack, amphibious, boosted hp, AC +3, large, see invisible,
(deformed body), (poison resistance), (slowness 2), spit poison 1, (naga tail 1)
a: Spit Poison, End Transformation, Renounce Religion, Bend Time, Temporal
Distortion, Slouch


You were in a bailey.
You worshipped Cheibriados.
Cheibriados was greatly pleased with you.
You were a creature of crystalline ice.
You visited 2 branches of the dungeon, and saw 10 of its levels.
You also visited: Ossuary and Bailey.

You collected 1214 gold pieces.


Innate Abilities, Weirdness & Mutations

You are a creature of crystalline ice.
You have a powerful freezing melee attack.
You are amphibious.
Your maximum health is increased.
Your armour is entirely melded.
You are incapable of wielding weapons or throwing items.
((Your serpentine skin is tough. (AC +3)))
You have supernaturally acute eyesight. (SInv)
((Armour fits poorly on your strangely shaped body.))
((Your system is resistant to poisons. (rPois)))
((You cover ground very slowly.))
You can spit poison.
((You have a snake-like lower body.))


   Skills:
 - Level 1.0 Fighting
 - Level 1.5 Dodging
 + Level 7.5 Unarmed Combat
 + Level 6.5 Spellcasting
 * Level 9.9 Transmutations
 * Level 8.7 Ice Magic
 - Level 3.0 Poison Magic
 + Level 2.7 Invocations


You had 13 spell levels left.
You knew the following spells:

 Your Spells              Type           Power      Damage    Failure   Level
a - Beastly Appendage     Tmut           100%       N/A       1%          1
b - Wereblood             Tmut           57%        N/A       1%          2
c - Spider Form           Tmut/Pois      42%        N/A       1%          3
d - Ice Form              Ice/Tmut       54%        N/A       1%          4

Your spell library contained the following spells:

 Spells                   Type           Power      Damage    Failure   Level
 Ensorcelled Hibernation  Hex/Ice        62%        N/A       1%          2
 Passwall                 Tmut/Erth      28%        N/A       1%          2
 Ozocubu's Armour         Ice            52%        N/A       1%          3
 Ignite Poison            Fire/Tmut/Pois 31%        N/A       3%          3
 Sandblast                Erth           16%        2d6       7%          1
 Petrify                  Tmut/Erth      34%        N/A       9%          4
 Blink                    Tloc           16%        N/A       10%         2
 Lesser Beckoning         Tloc           16%        N/A       10%         2
 Momentum Strike          Conj/Tloc      16%        3d8       10%         2
 Kindle Blastsparks       Fire/Tloc/Air  16%        2d11      21%         3
 Stone Arrow              Conj/Erth      16%        3d8       21%         3
 Vhi's Electric Charge    Tloc/Air       16%        N/A       21%         3
 Metabolic Englaciation   Hex/Ice        15%        N/A       30%         5
 Freezing Cloud           Conj/Ice/Air   11%        6-21      50%         5
 Anguish                  Hex/Necr       4%         N/A       54%         4
 Statue Form              Tmut/Erth      22%        N/A       78%         6
 Ozocubu's Refrigeration  Ice            26%        4d13      83%         7
 Arcjolt                  Conj/Air       4%         1d14      88%         5
 Maxwell's Capacitive Co  Air            4%         ∞         100%        8

Inventory:

Missiles
 d - 3 silver javelins
 e - 70 stones
 y - a boomerang
 G - 17 poisoned darts
 H - a curare-tipped dart {=f}
Armour
 a - a +1 robe (melded)
 i - the +0 mask of the Dragon (melded) {Will+ Slay+3 SInv}
   (You found it on level 3 of the Dungeon)

   Slay:      It affects your accuracy & damage with ranged weapons and melee
   (+3).
   SInv:      It lets you see invisible.
   Will:      It increases your willpower.
Jewellery
 v - a ring of see invisible
   (You found it on level 3 of the Dungeon)
 C - a ring of protection from cold
   (You found it on level 4 of the Dungeon)
 E - a +5 ring of evasion (right front paw)
   (You took it off an orc wizard on level 6 of the Dungeon)
 O - a +4 ring of protection (left front paw)
   (You found it on level 3 of the Dungeon)
Wands
 l - a wand of digging (1)
   (You took it off a kobold on level 4 of the Dungeon)
 p - a wand of flame (29)
   (You found it on level 5 of the Dungeon)
 t - a wand of iceblast (3)
   (You found it on level 7 of the Dungeon)
Scrolls
 c - 2 scrolls of poison
 f - 2 scrolls of blinking {!r}
 h - 5 scrolls of vulnerability {!r!r}
 o - 2 scrolls of fear
 r - 9 scrolls of teleportation {@r4}
 w - a scroll of immolation {!r!r}
 F - a scroll of fog
 J - a scroll of magic mapping {unknown}
 K - a scroll of enchant armour
Potions
 b - 2 potions of lignification {!q}
 g - 5 potions of curing {@q1}
 j - 2 potions of resistance
 k - 4 potions of brilliance
 m - a potion of degeneration {!q}
 n - 3 potions of berserk rage {!q}
 q - 3 potions of haste {unknown}
 s - 3 potions of mutation {!q}
 u - 3 potions of flight {unknown}
 x - a potion of attraction {!q}
 z - 2 potions of might {unknown}
 A - 3 potions of invisibility {unknown}
 B - a potion of magic
 D - 2 potions of heal wounds {@q2}
Miscellaneous
 I - a piece from Xom's chessboard (15/15) {forbidden}
   (You found it on level 9 of the Dungeon)

Dungeon Overview and Level Annotations

Branches:
Dungeon (9/15) Zot: 39940  Temple (1/1) D:6 Zot: 8766     Orc (0/2) D:9
Ossuary (visited)          Bailey (1/1) Zot: 8503
   Lair: D:8-11

Altars:
Ashenzari
Cheibriados
Dithmenos
Elyvilon
Fedhas
Gozag
Hepliaklqana
Kikubaaqudgha
Makhleb
Nemelex Xobeh
Okawaru
Qazlal
Ru
Sif Muna
Trog
Uskayaw
Vehumet
Wu Jian
Xom
Yredelemnul
Zin
The Shining One

Shops:
D:2

( ...........#...........#
#..)......###.......).###
#'#.....###.###.....#)#.###
..###.###.....###.###.....###
....### .......###.........##
.....# .......##8..........#
.....# ........#8..........#
.....# ........).....⌠....∩#
.....# ......oY#8..........#
.....# .......##8..........#
....### .......###.........##
..###.###.....###.###))...###
#'#.....###.###.....#)#.###
#.........###.......))###
...........#...........#
.........))#...........#
.....⌠..)..#.....⌠.....#


You could see an orc warlord.


Message History

The orc warrior barely misses you. The gnoll completely misses you.
You punch the orc warrior! You freeze the orc warrior.
You kill the orc warrior!
Cheibriados appreciates the change of pace.
The gnoll hits you but does no damage.
You hit the gnoll. You freeze the gnoll. The gnoll hits you with a +0 war axe.
The gnoll misses you. 😕 HP[-1] MP[+1]
You take 1 damage, and now have 99/100 hp.
You hit the gnoll. You freeze the gnoll. You barely miss the gnoll.
The gnoll closely misses you. The gnoll barely misses you. 😎 HP[+1]
Your hp is fully restored (100).
You barely miss the gnoll. The gnoll closely misses you. The gnoll misses you.
You hit the gnoll. You freeze the gnoll.
You kill the gnoll!
Cheibriados appreciates the change of pace.
The gnoll hits you with a +0 war axe. 😕 HP[-5]
You take 5 damage, and now have 95/100 hp.
You punch the orc warrior! You freeze the orc warrior. The gnoll misses you.
The orc warrior hits you but does no damage.
You barely miss the orc warrior. The gnoll hits you with a +0 war axe!
The orc warrior hits you with a +0 war axe. 😕 HP[-8] MP[+1]
You take 8 damage, and now have 87/100 hp.
You pummel the orc warrior!! You freeze the orc warrior.
You feel a bit better.
You kill the orc warrior!
Cheibriados thoroughly appreciates the change of pace.
The gnoll misses you.
You punch the gnoll! You freeze the gnoll.
You feel a bit better.
You kill the gnoll!
Cheibriados thoroughly appreciates the change of pace. 😕 HP[+5]
You regained 5 hp, and now have 92/100 hp.
No target in view!
No target in view!
No target in view!
No target in view!
Items here: )) [[ †. 😕 HP[+1]
You hear a shout! 😕 MP[+1] 😕 HP[+1]
The hobgoblin closely misses you. 😕 HP[+1]
You punch the hobgoblin! You freeze the hobgoblin.
You feel a bit better.
You kill the hobgoblin!
Cheibriados thoroughly appreciates the change of pace.
You hear a shout! 😕 HP[+3]
You regained 3 hp, and now have 98/100 hp.
There is an open door here.
Items here: $ ) [ †. 😕 HP[+1] MP[+1] 😎 HP[+1]
Your hp is fully restored (100).
You punch the orc warlord! You freeze the orc warlord.
The orc warlord hits you with a +6 executioner's axe! 😕 HP[-8]
You take 8 damage, and now have 92/100 hp.
You hit the orc warlord. You freeze the orc warlord.
The orc warlord hits you with a +6 executioner's axe!! 😮 HP[-24] MP[+1]
You take 24 damage, and now have 68/100 hp.
MASSIVE DAMAGE!! (PAUSE)
Your mp is fully restored (20).
You hit the orc warlord but do no damage.
The orc warlord misses you. 😮 HP[+1]
You hit the orc warlord but do no damage.
You howl as the wereblood boils in your veins!
The orc warlord hits you with a +6 executioner's axe!!
* * * LOW HITPOINT WARNING * * *
Unknown command. 😨 HP[-26]
You take 26 damage, and now have 43/100 hp.
MASSIVE DAMAGE!! (PAUSE)
You barely miss the orc warlord. The orc warlord completely misses you.
Unknown command.
You punch the orc warlord! You freeze the orc warlord.
The orc warlord hits you with a +6 executioner's axe!
* * * LOW HITPOINT WARNING * * *
😨 HP[-8]
You take 8 damage, and now have 35/100 hp.
Unknown command.
You pummel the orc warlord!!
You freeze the orc warlord! 😨 HP[+1] Unknown command.
You hit the orc warlord but do no damage.
The orc warlord hits you with a +6 executioner's axe!!
* * * LOW HITPOINT WARNING * * *
😱 HP[-30]
You take 30 damage, and now have 6/100 hp.
MASSIVE DAMAGE!! (PAUSE) Unknown command.
You hit the orc warlord. You freeze the orc warlord.
The orc warlord hits you with a +6 executioner's axe!
You die...

Skill      XL: |  1  2  3  4  5  6  7  8  9 10 |
---------------+-------------------------------+-----
Poison Magic   | 2 3 |  3.0
Transmutations | 3 4 5 6 8 9 |  9.9
Spellcasting   | 3 4 5 6 |  6.5
Unarmed Combat | 4 5 6 7 |  7.5
Ice Magic      | 1 3 5 6 8 |  8.7
Invocations    | 2 |  2.7
Fighting       | |  1.0
Dodging        | |  1.5

Action                     |  1- 3 |  4- 6 |  7- 9 | 10-12 || total
---------------------------+-------+-------+-------+-------++-------
  Melee: Unarmed           |    89 |   149 |   326 |   248 ||   812
         Headbutt          |    18 |     9 |     2 |       ||    29
         Punch             |     1 |       |       |       ||     1
   Cast: Beastly Appendage |    21 |    11 |     1 |       ||    33
         Spider Form       |     1 |     9 |    20 |       ||    30
         Wereblood         |       |     3 |     5 |    11 ||    19
         Ice Form          |       |       |    21 |    16 ||    37
Ability: Spit Poison       |     7 |     1 |     2 |       ||    10
    Use: Scroll            |     4 |     3 |    10 |     2 ||    19
         Potion            |       |     1 |       |       ||     1
   Stab: Sleeping          |       |       |     1 |       ||     1
 Armour: Robe              |     6 |    23 |    10 |     2 ||    41
         Skin              |     2 |    13 |   108 |    85 ||   208
  Dodge: Dodged            |    35 |   122 |   222 |   194 ||   573

Levels and vault maps discovered:
D:1:      lemuel_arrival_tunnels, layout_loops_cross, minmay_tree_intersection
D:2:      minmay_general_purpose_star, layout_loops_cross, serial_shops, shop
D:3:      layout_basic, minmay_misc_feat_roman, uniq_terence, uniq_robin
D:4:      layout_basic, uniq_menkaure, uniq_edmund
D:5:      lemuel_insect_pit, layout_basic, kennysheep_little_box,
          roderic_lattice_a
D:6:      layout_basic, minmay_temple_entry_junction
D:7:      layout_rooms, minitemple
D:8:      layout_rooms, nicolae_ossuary_entry_monument
D:9:      layout_cave_pools, mainiacjoe_overflow_cross_hatched,
          grunt_temple_overflow_open, david_orc_5, enter_bailey_6
Temple:   kb_temple_of_zot
Bailey:   bailey_axe_minmay_hex_keep, bailey

Notes
Turn   | Place    | Note
-------+----------+-------------------------------------------
     0 | D:1      | kae the Naga Transmuter began the quest for the Orb.
     0 | D:1      | Reached XP level 1. HP: 18/18 MP: 3/3
     0 | D:1      | magus.rc [v1.11.3]
   118 | D:1      | Reached XP level 2. HP: 24/25 MP: 3/5
   505 | D:1      | You add the spells Kindle Blastsparks, Ignite Poison and
                  | Freezing Cloud to your library.
   643 | D:1      | Reached XP level 3. HP: 30/31 MP: 3/6
   646 | D:1      | Learned a level 2 spell: Wereblood
   650 | D:1      | Learned a level 3 spell: Spider Form
  1116 | D:2      | Reached skill level 1 in Poison Magic
  1253 | D:2      | You add the spells Vhi's Electric Charge, Arcjolt and
                  | Maxwell's Capacitive Coupling to your library.
  1308 | D:2      | Reached skill level 3 in Transmutations
  1321 | D:2      | You pick up a book of Spatial Translocations and begin
                  | reading...
  1321 | D:2      | You add the spells Blink, Momentum Strike and Lesser
                  | Beckoning to your library.
  1387 | D:2      | Noticed a black bear
  1398 | D:2      | Killed a black bear
  1399 | D:2      | Reached skill level 2 in Poison Magic
  1399 | D:2      | Reached XP level 4. HP: 36/38 MP: 2/8
  1399 | D:2      | Reached XP level 5. HP: 42/44 MP: 2/9
  1494 | D:2      | Found Qihyoxer's Antique Weapon Emporium.
  2091 | D:3      | You add the spells Ozocubu's Armour and Ozocubu's
                  | Refrigeration to your library.
  2112 | D:3      | You pick up a book of Geomancy and begin reading...
  2112 | D:3      | You add the spells Sandblast, Passwall and Stone Arrow to
                  | your library.
  2322 | D:3      | Reached skill level 3 in Poison Magic
  2454 | D:3      | Found the +0 mask of the Dragon {Will+ Slay+3 SInv}
  2493 | D:3      | Reached skill level 3 in Spellcasting
  2493 | D:3      | Reached skill level 4 in Transmutations
  2769 | D:3      | Noticed Robin
  2790 | D:3      | Reached XP level 6. HP: 51/51 MP: 3/10
  2799 | D:3      | Killed Robin
  3021 | D:3      | Noticed Terence
  3033 | D:3      | Killed Terence
  3034 | D:3      | Reached skill level 4 in Unarmed Combat
  3321 | D:4      | Noticed a black bear
  3336 | D:4      | Killed a black bear
  3345 | D:4      | Learned a level 4 spell: Ice Form
  3443 | D:4      | Noticed Edmund
  3457 | D:4      | HP: 7/51 [Edmund/+2 heavy flail (13)]
  3460 | D:4      | HP: 1/76 [Edmund/+2 heavy flail (5)]
  3463 | D:4      | Killed Edmund
  3464 | D:4      | Reached skill level 5 in Transmutations
  3464 | D:4      | Reached skill level 1 in Ice Magic
  3464 | D:4      | Reached XP level 7. HP: 2/57 MP: 5/12
  3944 | D:4      | Reached skill level 2 in Ice Magic
  4076 | D:4      | Noticed Menkaure
  4085 | D:4      | Killed Menkaure
  4621 | D:5      | Entered Level 5 of the Dungeon
  4658 | D:5      | Reached skill level 3 in Ice Magic
  4812 | D:5      | Reached XP level 8. HP: 55/64 MP: 9/13
  4925 | D:5      | Reached skill level 4 in Spellcasting
  5045 | D:5      | Found a runed translucent door.
  5051 | D:5      | Found a runed translucent door.
  5505 | D:5      | You pick up a book of Dreams and begin reading...
  5505 | D:5      | You add the spells Ensorcelled Hibernation and Anguish to
                  | your library.
  5713 | D:5      | Found a radiant altar of Vehumet.
  5879 | D:5      | Reached skill level 5 in Unarmed Combat
  5879 | D:5      | Reached skill level 6 in Transmutations
  5884 | D:5      | Reached skill level 4 in Ice Magic
  6075 | D:6      | Reached skill level 5 in Ice Magic
  6075 | D:6      | Reached XP level 9. HP: 70/70 MP: 10/16
  6081 | D:6      | Reached skill level 7 in Transmutations
  6388 | D:6      | Reached skill level 5 in Spellcasting
  6561 | D:6      | Identified the +10 sling "Saoxkim" {flame, Fragile rN+
                  | rCorr Dex+2}
  6902 | D:6      | Reached skill level 6 in Unarmed Combat
  6926 | D:6      | Found a staircase to the Ecumenical Temple.
  6984 | D:6      | Reached skill level 6 in Ice Magic
  7235 | Temple   | Entered the Ecumenical Temple
  7474 | D:7      | Found an ancient bone altar of Kikubaaqudgha.
  7484 | D:7      | Found a basalt altar of Yredelemnul.
  7485 | D:7      | Found a white marble altar of Elyvilon.
  7487 | D:7      | Found a snail-covered altar of Cheibriados.
  7583 | D:7      | Became a worshipper of Cheibriados the Contemplative
  7596 | D:8      | Found a sand-covered staircase.
  7602 | Ossuary  | Entered an ossuary
  7751 | Ossuary  | Reached skill level 8 in Transmutations
  8636 | D:8      | Reached XP level 10. HP: 78/78 MP: 15/18
  8692 | D:8      | Reached * piety under Cheibriados
  8733 | D:8      | Reached skill level 7 in Ice Magic
  9076 | D:8      | Reached skill level 6 in Spellcasting
  9076 | D:8      | Reached skill level 9 in Transmutations
  9349 | D:9      | Found a shadowy altar of Dithmenos.
  9358 | D:9      | Reached ** piety under Cheibriados
  9490 | D:9      | You pick up a book of Sloth and begin reading...
  9490 | D:9      | You add the spells Petrify, Metabolic Englaciation and
                  | Statue Form to your library.
  9498 | D:9      | Identified a scroll of acquirement
  9498 | D:9      | Acquired 664 gold pieces
  9502 | D:9      | Found a hide-covered altar of Uskayaw.
  9503 | D:9      | Found a glowing golden altar of the Shining One.
  9509 | D:9      | Reached skill level 7 in Unarmed Combat
  9510 | D:9      | Found an ornate altar of the Wu Jian Council.
  9512 | D:9      | Found a burning altar of Makhleb.
  9513 | D:9      | Found a staircase to the Orcish Mines.
  9520 | D:9      | Reached skill level 1 in Invocations
  9544 | D:9      | Reached skill level 8 in Ice Magic
  9563 | D:9      | Found a blossoming altar of Fedhas.
  9578 | D:9      | Found an iron altar of Okawaru.
  9580 | D:9      | Found a hazy altar of Hepliaklqana.
  9595 | D:9      | Reached *** piety under Cheibriados
  9665 | D:9      | Reached skill level 2 in Invocations
  9677 | D:9      | Found a flagged portal.
  9689 | Bailey   | Entered a bailey
  9892 | Bailey   | Reached **** piety under Cheibriados
  9896 | Bailey   | Reached XP level 11. HP: 84/84 MP: 14/20
 10019 | Bailey   | Noticed an orc warlord
 10063 | Bailey   | HP: 6/100 [orc warlord/+6 executioner's axe (30)]
 10064 | Bailey   | Mangled by an orc warlord

Vanquished Creatures
  A hornet (D:9)
  2 wraiths (Ossuary)
  A wyvern (D:9)
  4 yaks (D:8)
  Menkaure (D:4)
  A vampire mosquito (D:5)
  Edmund (D:4)
  2 water moccasins
  3 black bears
  19 orc warriors
  2 kobold brigands (D:8)
  4 bullfrogs
  2 necrophages
  10 scorpions
  A gnoll sergeant (D:6)
  9 wights
  5 killer bees
  3 howler monkeys
  4 hounds
  3 jellies
  5 orc priests
  An iguana (D:5)
  Terence (D:3)
  7 orc wizards
  Robin (D:3)
  12 gnolls
  10 adders
  A white imp (D:7)
  An ufetubus (D:4)
  2 adder zombies (Ossuary)
  5 worms
  2 dart slugs
  62 orcs
  2 bats (D:3)
  6 endoplasms
  8 giant cockroaches
  27 goblins
  17 hobgoblins
  2 jackals (D:2)
  18 kobolds
  4 quokkas
  7 ball pythons
  3 frilled lizards (D:3)
  2 hobgoblin skeletons (Ossuary)
  2 hobgoblin zombies (Ossuary)
  A kobold zombie (Ossuary)
  5 rats
  4 butterflies (D:5)
296 creatures vanquished.

Table legend:
 A = Non-vault XP
 B = Vault XP
 C = Vault XP percentage of total XP
 D = Non-vault monster count
 E = Vault monster count
 F = Vault count percentage of total count
                 A         B        C        D         E       F
            +---------+---------+-------+---------+---------+-------
      Total |    6118 |    3730 |  37.9 |     191 |     101 |  34.6
            +---------+---------+-------+---------+---------+-------
        D:1 |      38 |       0 |   0.0 |      21 |       0 |   0.0
        D:2 |     164 |      10 |   5.7 |      14 |       5 |  26.3
        D:3 |     101 |      69 |  40.6 |      22 |      12 |  35.3
        D:4 |     320 |     347 |  52.0 |      22 |       2 |   8.3
        D:5 |     376 |     660 |  63.7 |      13 |      10 |  43.5
        D:6 |    1382 |       0 |   0.0 |      36 |       0 |   0.0
        D:7 |     352 |       0 |   0.0 |       7 |       0 |   0.0
        D:8 |    1676 |       0 |   0.0 |      31 |       0 |   0.0
        D:9 |    1709 |     642 |  27.3 |      25 |      22 |  46.8
    Ossuary |       0 |     659 | 100.0 |       0 |      12 | 100.0
     Bailey |       0 |    1343 | 100.0 |       0 |      38 | 100.0
            +---------+---------+-------+---------+---------+-------

Illustrated notes

Table legend:
 A = Kills in this place as a percentage of kills in entire the game.
 B = Kills by you in this place as a percentage of kills by you in the entire game.
 C = Kills by friends in this place as a percentage of kills by friends in the entire game.
 D = Other kills in this place as a percentage of other kills in the entire game.
 E = Experience gained in this place as a percentage of experience gained in the entire game.
 F = Experience gained in this place divided by the number of levels of this place that you have seen.
                   A       B       C       D       E      F
               +-------+-------+-------+-------+-------+----------------------
         Total | 100.0 | 100.0 |   N/A |   N/A | 100.0 | 820.7
       Dungeon |  82.9 |  82.9 |   N/A |   N/A |  79.7 | 871.8
       Ossuary |   4.1 |   4.1 |   N/A |   N/A |   6.7 | 659.0
        Bailey |  13.0 |  13.0 |   N/A |   N/A |  13.6 | 1343.0
               +-------+-------+-------+-------+-------+----------------------

Table legend: (Time is in decaauts)
 A = Elapsed time spent in this place.
 B = Non-inter-level travel time spent in this place.
 C = Inter-level travel time spent in this place.
 D = Time resting spent in this place.
 E = Time spent auto-exploring this place.
 F = Levels seen in this place.
 G = Mean time per level.
                   A        B        C        D        E       F      G
               +--------+--------+--------+--------+--------+-----+--------+
         Total |  12813 |  12253 |    560 |     86 |  10057 |  12 | 1067.8 |
       Dungeon |  11586 |  11055 |    531 |     36 |   9277 |   9 | 1287.3 |
        Temple |    155 |    126 |     29 |      0 |    119 |   1 |  155.0 |
       Ossuary |    575 |    575 |      0 |     50 |    341 |   1 |  575.0 |
        Bailey |    495 |    495 |      0 |      0 |    319 |   1 |  495.0 |
               +--------+--------+--------+--------+--------+-----+--------+

Top non-repeatable levels by time:
     D:5: 1754 daAuts
     D:3: 1634 daAuts
     D:6: 1540 daAuts
     D:4: 1518 daAuts
     D:2: 1396 daAuts
     D:1: 1184 daAuts
     D:8: 1101 daAuts
     D:7: 895 daAuts
 Ossuary: 575 daAuts
     D:9: 560 daAuts
  Bailey: 495 daAuts
  Temple: 155 daAuts
